 Dungeon Crawl Stone Soup version 0.13-a0-3104-gb5885e9 (webtiles) character file.

195 Malachi the Skirmisher (level 4, 37/37 HPs)
             Began as a Centaur Abyssal Knight on Sept 19, 2013.
             Was a Believer of Lugonu.
             Got out of the dungeon alive.
             The game lasted 00:03:58 (1944 turns).

Malachi the Skirmisher (Centaur Abyssal Knight)     Turns: 1944, Time: 00:03:58

HP  37/37        AC  5     Str 15      XL: 4   Next: 16%
MP   4/4         EV  8     Int 11      God: Lugonu [**....]
Gold 116         SH  8     Dex  9      Spells:  0 memorised,  3 levels left

Res.Fire  : . . .   See Invis. : .   n - +2 trident (slay drac)
Res.Cold  : . . .   Warding    : .   b - +0 leather armour
Life Prot.: . . .   Conserve   : .   j - +2 buckler
Res.Poison: .       Res.Corr.  : .   (no helmet)
Res.Elec. : .       Clarity    : .   q - +0 elf cloak
Sust.Abil.: . .     Spirit.Shd : .   (no gloves)
Res.Mut.  : .       Stasis     : .   (no barding)
Res.Rott. : .       Flight     : .   (no amulet)
Saprovore : . . .                    (no ring)
                                     (no ring)

@: very quick, slightly resistant to hostile enchantments, very unstealthy
A: hooves 3, deformed body, herbivore 1, speed 2, fast metabolism 1, tough skin
3
a: Depart the Abyss, Bend Space, Renounce Religion


You escaped.
You worshipped Lugonu.
Lugonu was most pleased with you.
You were not hungry.

You visited 1 branch of the dungeon, and saw 3 of its levels.
You visited the Abyss 1 time.

You collected 96 gold pieces.

Inventory:

Hand weapons
 a - a +2,+2 spear {=f}
 n - a +2,+2 trident of dragon slaying (weapon)
Armour
 b - a +0 leather armour (worn)
 j - a +2 buckler (worn)
 q - a +0 elven cloak (worn)
Comestibles
 c - 4 bread rations
 p - 2 pears
Scrolls
 d - 2 scrolls of teleportation {unknown}
 e - a scroll of noise {unknown}
 f - a scroll of curse jewellery {unknown}
 l - a scroll of enchant armour {unknown}
 o - 3 scrolls of identify {unknown}
 r - 4 scrolls of remove curse {unknown}
 s - a scroll of curse armour {unknown}
 t - a scroll of magic mapping {unknown}
Jewellery
 g - an uncursed ring of positive energy {unknown}
 m - a +4 ring of evasion {unknown}
Potions
 h - 2 potions of restore abilities {unknown}
 i - a potion of curing {unknown}
 k - a potion of brilliance {unknown}


   Skills:
 + Level 3.9 Fighting
 + Level 2.2 Polearms
 + Level 2.0 Armour
 + Level 1.3 Dodging
 + Level 0.1 Shields
 + Level 2.0 Invocations


You had 3 spell levels left.
You didn't know any spells.

Dungeon Overview and Level Annotations

Branches:
Dungeon (3/27)

Altars:


Innate Abilities, Weirdness & Mutations

You have hooves in place of feet.
Armour fits poorly on your strangely shaped body.
You digest meat inefficiently.
You cover ground very quickly.
You have a fast metabolism.
You have extremely tough skin (AC +3).


Message History

No target in view!
No target in view!
You see here a bat corpse.
You start butchering the bat corpse with your knife.
You continue butchering the corpse.
You finish chopping the bat corpse into pieces.
u - a chunk of bat flesh Eat a chunk of bat flesh? (ye/n/q/i?) This raw flesh tastes terrible.
You continue eating.
There is a stone staircase leading up here.
You climb upwards.
There is a stone staircase leading down here.
You see here a short sword.
You see here 16 stones.
You see here a short sword.
HP restored.
There is a staircase leading out of the dungeon here.
Are you sure you want to leave the Dungeon?
This will make you lose the game!
You have escaped!

###......####.##....##...# #..
###......####.##....###### ###..
....................### #...#
#...####.##...........# #...#
#...####.##..#.....#..#######...#
####......()##8###8##............
#.....#.........#..#.###...###
####.....##..#.....#....# #...#..
.............#..@..#..### #...#..
####.###.##[.#.....#^.#####...#..
.............#.....).............
####.#...##.##8###8##.>.########.
####.#...##..#.....#....# #.
##...###.##.).........### ##
##...# #(####.##.#..### # #....#
#.# #(##.##.### # .....# #.#
#.##.##)..# #


There were no monsters in sight!

Vanquished Creatures
  3 adders
  A giant mite (D:2)
  An ooze (D:1)
  2 bats (D:2)
  5 goblins
  6 hobgoblins
  10 jackals
  5 kobolds
  A quokka (D:2)
  4 giant newts
  4 rats
42 creatures vanquished.

Notes
Turn   | Place    | Note
--------------------------------------------------------------
     0 | Abyss:1  | Malachi, the Centaur Abyssal Knight, began the quest for the Orb.
     0 | Abyss:1  | Reached XP level 1. HP: 17/17 MP: 1/1
    13 | D:1      | Escaped the Abyss
   177 | D:1      | Reached XP level 2. HP: 24/24 MP: 2/2
   378 | D:1      | Acquired Lugonu's second power
   930 | D:2      | Reached XP level 3. HP: 7/30 MP: 4/4
  1245 | D:2      | Reached skill level 1 in Dodging
  1805 | D:3      | Reached XP level 4. HP: 32/37 MP: 4/4
  1944 | D:$      | Got out of the dungeon alive.

Action                   |  1- 3 |  4- 6 || total
-------------------------+-------+-------++-------
Melee: Spear             |    88 |       ||    88
       Trident           |    24 |     5 ||    29
